 Dungeon Crawl Stone Soup version 0.21-a0-210-gbfa5647 (webtiles) character file.

19 KristoblXynda the Grasshopper (level 2, 0/14 HPs)
             Began as a Spriggan Warper on Aug 21, 2017.
             Slain by a hobgoblin
             ... wielding a +0 club
              (2 damage)
             ... on level 1 of the Dungeon.
             The game lasted 00:02:21 (1000 turns).

KristoblXynda the Grasshopper (Spriggan Warper)     Turns: 1000, Time: 00:02:22

Health: 0/14       AC:  2    Str:  7    XL:     2   Next: 55%
Magic:  6/7        EV: 19    Int: 14    God:
Gold:   19         SH:  0    Dex: 15    Spells: 3/7 levels left

rFire    . . .     SeeInvis +   i - -1 dagger (curse)
rCold    . . .     Gourm    .   (shield restricted)
rNeg     . . .     Faith    .   b - +0 robe
rPois    .         Spirit   .   (helmet restricted)
rElec    .         Reflect  .   (no cloak)
rCorr    .         Harm     .   (gloves unavailable)
MR       .....                  (boots unavailable)
Stlth    ++........             (no amulet)
HPRegen  0.04/turn              (no ring)
MPRegen  0.10/turn              (no ring)

@: shrouded, very quick
A: unfitting armour, see invisible, herbivore 3, speed 3, slow metabolism 2
a: no special abilities


You were on level 1 of the Dungeon.
You were not hungry.

You visited 1 branch of the dungeon, and saw 1 of its levels.

You collected 19 gold pieces.

Inventory:

Hand Weapons
 a - a +0 short sword
 i - a cursed -1 dagger (weapon)
Missiles
 e - 5 tomahawks of dispersal (quivered)
Armour
 b - a +0 robe (worn)
Scrolls
 d - a scroll of blinking
Potions
 j - a potion of heal wounds {unknown}
Books
 c - a book of Spatial Translocations

   Spells                             Type                      Level
   a - Blink                          Translocation                2
   b - Shroud of Golubria             Charms/Translocation         2
   c - Lesser Beckoning               Translocation                3
   d - Gell's Gravitas                Translocation                3
   e - Teleport Other                 Translocation                3
   f - Passage of Golubria            Translocation                4
Comestibles
 f - 2 bread rations
 h - a royal jelly
 k - a fruit


   Skills:
 - Level 1.5 Fighting
 + Level 2.6 Short Blades
 - Level 1.0 Throwing
 - Level 4.0 Dodging
 + Level 1.2 Stealth
 + Level 3.0 Spellcasting
 + Level 0.0 Charms
 - Level 4.4 Translocations


You had 3 spell levels left.
You knew the following spells:

 Your Spells              Type           Power        Failure   Level  Hunger
a - Shroud of Golubria    Chrm/Tloc      #.........   13%         2    ##.....
b - Blink                 Tloc           N/A          5%          2    ##.....


Dungeon Overview and Level Annotations

Branches:
Dungeon (1/15)

Altars:


Innate Abilities, Weirdness & Mutations

You are very small and have problems with some larger weapons.
You are too small for most types of armour.
You have supernaturally acute eyesight. (SInv)
You are a herbivore.
You cover ground extremely quickly.
You need consume almost no food.


Message History

You are too injured to fight recklessly!
You closely miss the kobold.
The kobold is severely wounded.
The kobold completely misses you. The hobgoblin barely misses you.
You hit the kobold.
You kill the kobold!
The hobgoblin misses you.
You hit the dart slug but do no damage. You barely miss the hobgoblin.
Your shroud bends the hobgoblin's attack away.
The dart slug launches a dart at you. The slug dart misses you.
You barely miss the hobgoblin. The hobgoblin barely misses you.
You closely miss the hobgoblin.
Your shroud bends the hobgoblin's attack away.
The dart slug launches a dart at you. The slug dart hits you!
* * * LOW HITPOINT WARNING * * *
You barely miss the hobgoblin. The hobgoblin hits you with a club.
You die...

...# ##########......(.......
...#######.......................
...............................#.
...............................#.
............#######..............
............# #.....[..........
............#####.............###
......>.w......g.................
#..............w@................
#...........#####........#.......
#...........# ##.......#.......
#...........# #.......#.......
######......## ###.......####....
#.........# #........[........
####.........# #.................
.............# #.................
.............###.........#######.


You could see a dart slug and a hobgoblin.

Vanquished Creatures
  An ooze (D:1)
  A dart slug (D:1)
  A giant cockroach (D:1)
  3 goblins (D:1)
  A hobgoblin (D:1)
  2 bats (D:1)
  A frilled lizard (D:1)
  3 kobolds (D:1)
13 creatures vanquished.

Notes
Turn   | Place    | Note
-------+----------+-------------------------------------------
     0 | D:1      | KristoblXynda the Spriggan Warper began the quest for the Orb.
     0 | D:1      | Reached XP level 1. HP: 10/10 MP: 5/5
   460 | D:1      | Reached XP level 2. HP: 6/14 MP: 6/6
   914 | D:1      | Reached skill level 1 in Stealth
   923 | D:1      | Learned a level 2 spell: Shroud of Golubria
   926 | D:1      | Learned a level 2 spell: Blink
  1000 | D:1      | Slain by a hobgoblin

Vault maps used:
D:1:      minmay_arrival_wavy_path

Skill      XL: |  1  2 |
---------------+-------+-----
Dodging        | 4 |  4.0
Spellcasting   | 3 |  3.0
Stealth        | 1 |  1.2
Fighting       | |  1.5
Short Blades   | |  2.6
Throwing       | |  1.0
Translocations | |  4.4

Action                   || total
-------------------------++-------
Melee: Dagger            ||   109
       Short sword       ||    11
 Cast: Shroud of Golubri ||     1
  Use: Scroll            ||     2
       Potion            ||     1
Armor: Robe              ||    12
Dodge: Dodged            ||   103

Table legend:
 A = Spawn XP
 B = Non-spawn XP
 C = Spawn XP percentage of total XP
 D = Spawn monster count
 E = Non-spawn monster count
 F = Spawn count percentage of total count
 G = Total turns spent on level
                    A         B        C        D         E        F      G
               +---------+---------+-------+---------+---------+-------+---------
         Total |       4 |      24 |  14.3 |       1 |      12 |   7.7 |  1000
               +---------+---------+-------+---------+---------+-------+---------
           D:1 |       4 |      24 |  14.3 |       1 |      12 |   7.7 |  1000
               +---------+---------+-------+---------+---------+-------+---------
